WLB
ST. LOUIS CARDINALS @ DETROIT TIGERS
04/01/2024
 
TOP OF THE 1ST
St. Louis Cardinals batting - Pitching for Detroit Tigers : LHP Shane McClanahan
Pitching: LHP Shane McClanahan
Batting: SHB Ian Happ 0-0: Foul Ball, location: 2F
0-1: Foul Ball, location: 2F
0-2: Ball
1-2: Foul Ball, location: 2F
1-2: Foul Ball, location: 3SF
1-2: Foul Ball, location: 9LSF
1-2: Foul Ball, location: 3SF
1-2: Ball
2-2: Fly out, F7 (Line Drive, 7, EV 106.9 MPH)
Batting: RHB Amed Rosario 0-0: Ball
1-0: Foul Ball, location: 3F
1-1: Ball
2-1: DOUBLE (Line Drive, 9LM, EV 106.3 MPH)
Batting: SHB Bryan Reynolds 0-0: Called Strike
0-1: Foul Ball, location: 2F
0-2: Ball
1-2: Ball
2-2: Foul Ball, location: 23F
2-2: Ball
3-2: Base on Balls
Batting: RHB Justin Turner 0-0: Called Strike
0-1: Called Strike
0-2: Strikes out swinging
Batting: RHB George Springer 0-0: Called Strike
0-1: Ground out 5-3 (Groundball, 15, EV 80.0 MPH)
Top of the 1st over - 0 runs, 1 hit, 0 errors, 2 left on base; St. Louis 0 - Detroit 0
BOTTOM OF THE 1ST
Detroit Tigers batting - Pitching for St. Louis Cardinals : RHP Chris Rodriguez
Pitching: RHP Chris Rodriguez
Batting: LHB Brandon Marsh 0-0: Ball
1-0: Called Strike
1-1: Foul Ball, location: 2F
1-2: Strikes out swinging
Batting: LHB Michael Harris II 0-0: Ball
1-0: Called Strike
1-1: Ball
2-1: DOUBLE (Line Drive, 3D, EV 93.8 MPH)
Batting: LHB Josh Naylor 0-0: Ball
1-0: Fly out, F7 (Flyball, 7S, EV 97.5 MPH)
Batting: RHB Chas McCormick 0-0: Swinging Strike
0-1: Ball
1-1: Foul Ball, location: 9LMF
1-2: Foul Ball, location: 9LMF
1-2: Strikes out swinging
Bottom of the 1st over - 0 runs, 1 hit, 0 errors, 1 left on base; St. Louis 0 - Detroit 0
TOP OF THE 2ND
St. Louis Cardinals batting - Pitching for Detroit Tigers : LHP Shane McClanahan
Batting: RHB Hunter Renfroe 0-0: Ball
1-0: Swinging Strike
1-1: Ball
2-1: Called Strike
2-2: Strikes out looking
Batting: RHB Nick Castellanos 0-0: Swinging Strike
0-1: Swinging Strike
0-2: Ball
1-2: Ball
2-2: Foul Ball, location: 5FF
2-2: Strikes out looking
Batting: LHB Lars Nootbaar 0-0: Foul Ball, location: 3SF
0-1: Swinging Strike
0-2: Strikes out swinging
Top of the 2nd over - 0 runs, 0 hits, 0 errors, 0 left on base; St. Louis 0 - Detroit 0
BOTTOM OF THE 2ND
Detroit Tigers batting - Pitching for St. Louis Cardinals : RHP Chris Rodriguez
Batting: RHB Spencer Steer 0-0: SINGLE (Flyball, 8LM, EV 88.1 MPH)
Batting: RHB Josh Jung 0-0: Swinging Strike
0-1: Foul Ball, location: 9LSF
0-2: Ball
1-2: Grounds into double play, 4-6-3 (Groundball, 4M, EV 88.1 MPH)
Batting: RHB Gabriel Moreno 0-0: Foul Ball, location: 5F
0-1: Ball
1-1: Foul Ball, location: 9LSF
1-2: Foul Ball, location: 2F
1-2: Foul Ball, location: 2F
1-2: Ground out 6-3 (Groundball, 6, EV 100.0 MPH)
Bottom of the 2nd over - 0 runs, 1 hit, 0 errors, 0 left on base; St. Louis 0 - Detroit 0
TOP OF THE 3RD
St. Louis Cardinals batting - Pitching for Detroit Tigers : LHP Shane McClanahan
Batting: RHB Jake Rogers 0-0: Foul Ball, location: 2LF
0-1: Foul Ball, location: 23F
0-2: Ball
1-2: Foul Ball, location: 2F
1-2: Ball
2-2: Ball
3-2: Strikes out swinging
Batting: SHB Ian Happ 0-0: Called Strike
0-1: Swinging Strike
0-2: Ball
1-2: SINGLE (Groundball, 5D, EV 110.6 MPH)
Batting: RHB Amed Rosario 0-0: SINGLE (Line Drive, 89S, EV 89.4 MPH)
Ian Happ to second
Batting: SHB Bryan Reynolds 0-0: Ball
1-0: Ball
2-0: Called Strike
2-1: Fly out, F8 (Flyball, 78M, EV 92.5 MPH)
Batting: RHB Justin Turner 0-0: Called Strike
0-1: Ball
1-1: Ball
2-1: Fly out, F6 (Line Drive, 6, EV 63.8 MPH)
Top of the 3rd over - 0 runs, 2 hits, 0 errors, 2 left on base; St. Louis 0 - Detroit 0
BOTTOM OF THE 3RD
Detroit Tigers batting - Pitching for St. Louis Cardinals : RHP Chris Rodriguez
Batting: RHB Dansby Swanson 0-0: Ball
1-0: Ball
2-0: Ball
3-0: Base on Balls
Batting: RHB Nico Hoerner 0-0: Ball
1-0: Bunt missed!
1-1: Sac Bunt to 25 - play at first, batter OUT! 5-3
Dansby Swanson to second
Batting: LHB Brandon Marsh 0-0: Ball
1-0: Fly out, F6 (Line Drive, 6, EV 72.5 MPH)
Lined into DP, 6-4 (Line Drive, 6, EV 72.5 MPH)
Bottom of the 3rd over - 0 runs, 0 hits, 0 errors, 0 left on base; St. Louis 0 - Detroit 0
TOP OF THE 4TH
St. Louis Cardinals batting - Pitching for Detroit Tigers : LHP Shane McClanahan
Batting: RHB George Springer 0-0: Ball
1-0: Ball
2-0: Ball
3-0: Fly out, F3 (Popup, 3F, EV 58.8 MPH)
Batting: RHB Hunter Renfroe 0-0: Called Strike
0-1: Ball
1-1: Ball
2-1: Ball
3-1: Swinging Strike
3-2: Foul Ball, location: 2F
3-2: SINGLE (Groundball, 6MS, EV 69.4 MPH) (infield hit)
Batting: RHB Nick Castellanos 0-0: Ball
1-0: Called Strike
1-1: Ball
2-1: Foul Ball, location: 2F
2-2: Foul Ball, location: 7LDF
2-2: Strikes out looking
Batting: LHB Lars Nootbaar 0-0: Foul Ball, location: 2F
0-1: Foul Ball, location: 3F
0-2: Strikes out swinging
Top of the 4th over - 0 runs, 1 hit, 0 errors, 1 left on base; St. Louis 0 - Detroit 0
BOTTOM OF THE 4TH
Detroit Tigers batting - Pitching for St. Louis Cardinals : RHP Chris Rodriguez
Batting: LHB Michael Harris II 0-0: Ball
1-0: Ball
2-0: Fly out, F4 (Popup, 4M, EV 62.5 MPH)
Batting: LHB Josh Naylor 0-0: Called Strike
0-1: Called Strike
0-2: Foul Ball, location: 2F
0-2: Ground out 2-3 (Groundball, 2R, EV 71.3 MPH)
Batting: RHB Chas McCormick 0-0: Ball
1-0: Swinging Strike
1-1: Ball
2-1: Ball
3-1: SOLO HOME RUN (Flyball, 7LD, EV 91.9 MPH), Distance : 355 ft
Batting: RHB Spencer Steer 0-0: Ball
1-0: Ball
2-0: Ball
3-0: Base on Balls
Batting: RHB Josh Jung 0-0: Ball
1-0: Foul Ball, location: 3FF
1-1: Called Strike
1-2: Strikes out swinging, 2-3 out at first.
Bottom of the 4th over - 1 run, 1 hit, 0 errors, 1 left on base; St. Louis 0 - Detroit 1
TOP OF THE 5TH
St. Louis Cardinals batting - Pitching for Detroit Tigers : LHP Shane McClanahan
Batting: RHB Jake Rogers 0-0: Fly out, F6 (Popup, 6, EV 78.1 MPH)
Batting: SHB Ian Happ 0-0: Ball
1-0: Called Strike
1-1: Ball
2-1: Swinging Strike
2-2: Ball
3-2: Base on Balls
Batting: RHB Amed Rosario 0-0: Grounds into double play, 4-6-3 (Groundball, 34, EV 79.4 MPH)
Top of the 5th over - 0 runs, 0 hits, 0 errors, 0 left on base; St. Louis 0 - Detroit 1
BOTTOM OF THE 5TH
Detroit Tigers batting - Pitching for St. Louis Cardinals : RHP Chris Rodriguez
Batting: RHB Gabriel Moreno 0-0: Foul Ball, location: 9LMF
0-1: Foul Ball, location: 23F
0-2: Ball
1-2: SINGLE (Line Drive, 9S, EV 87.5 MPH)
Batting: RHB Dansby Swanson 0-0: Ball
1-0: Fly out, F8 (Line Drive, 8RS, EV 92.5 MPH)
Batting: RHB Nico Hoerner 0-0: Foul Ball, location: 9LMF
0-1: SINGLE (Line Drive, 89M, EV 103.1 MPH)
Gabriel Moreno to second
Batting: LHB Brandon Marsh 0-0: Swinging Strike
0-1: Swinging Strike
0-2: Ball
1-2: Ball
2-2: Grounds into double play, 1-6-3 (Groundball, 34S, EV 70.6 MPH)
Bottom of the 5th over - 0 runs, 2 hits, 0 errors, 1 left on base; St. Louis 0 - Detroit 1
TOP OF THE 6TH
St. Louis Cardinals batting - Pitching for Detroit Tigers : LHP Shane McClanahan
Batting: SHB Bryan Reynolds 0-0: Swinging Strike
0-1: Foul Ball, location: 5F
0-2: Ball
1-2: SINGLE (Groundball, 6MD, EV 98.1 MPH)
Batting: RHB Justin Turner 0-0: Ball
1-0: Grounds into double play, 1-4-3 (Groundball, 15S, EV 71.3 MPH)
Batting: RHB George Springer 0-0: Foul Ball, location: 2F
0-1: Ball
1-1: Called Strike
1-2: SOLO HOME RUN (Flyball, 7D, EV 102.5 MPH), Distance : 386 ft
Batting: RHB Hunter Renfroe 0-0: Called Strike
0-1: Ball
1-1: Foul Ball, location: 2F
1-2: Fly out, F9 (Line Drive, 89D, EV 91.9 MPH)
Top of the 6th over - 1 run, 2 hits, 0 errors, 0 left on base; St. Louis 1 - Detroit 1
BOTTOM OF THE 6TH
Detroit Tigers batting - Pitching for St. Louis Cardinals : RHP Chris Rodriguez
Pitching: RHP Robert Stephenson
Batting: LHB Michael Harris II 0-0: Foul Ball, location: 25F
0-1: Foul Ball, location: 5F
0-2: Ball
1-2: Ground out U3 (Groundball, 34, EV 107.5 MPH)
Batting: LHB Josh Naylor 0-0: Ball
1-0: SINGLE (Groundball, 6MD, EV 94.4 MPH)
Batting: RHB Chas McCormick 0-0: Ball
1-0: Ball
2-0: Foul Ball, location: 2F
2-1: Fly out, F9 (Flyball, 9, EV 90.6 MPH)
Batting: RHB Spencer Steer 0-0: Called Strike
0-1: Ball
1-1: Ball
2-1: DOUBLE (Groundball, 5L, EV 102.5 MPH)
Josh Naylor to third
Batting: RHB Josh Jung 0-0: Ball
1-0: Ball
2-0: Called Strike
2-1: Ball
3-1: Swinging Strike
3-2: Foul Ball, location: 2F
3-2: Base on Balls
Batting: RHB Gabriel Moreno 0-0: Called Strike
0-1: Ball
1-1: Ground out 4-3 (Groundball, 4D, EV 100.0 MPH)
Bottom of the 6th over - 0 runs, 2 hits, 0 errors, 3 left on base; St. Louis 1 - Detroit 1
TOP OF THE 7TH
St. Louis Cardinals batting - Pitching for Detroit Tigers : LHP Shane McClanahan
Pitching: RHP Jonathan Loaisiga
Batting: LHB Max Kepler 0-0: Ball
1-0: SINGLE (Groundball, 34D, EV 96.3 MPH)
Batting: LHB Lars Nootbaar 0-0: Called Strike
0-1: Called Strike
0-2: Fielders Choice at 2nd, 6-4 (Groundball, 56, EV 91.3 MPH)
Batting: RHB Jake Rogers 0-0: Ball
Lars Nootbaar steals 2nd base
1-0: Ground out 5-3 (Groundball, 56S, EV 66.9 MPH)
Batting: SHB Ian Happ 0-0: Intentional Walk
Batting: RHB Amed Rosario 0-0: Ball
1-0: Foul Ball, location: 9LDF
1-1: Ball
2-1: Called Strike
2-2: Strikes out swinging
Top of the 7th over - 0 runs, 1 hit, 0 errors, 2 left on base; St. Louis 1 - Detroit 1
BOTTOM OF THE 7TH
Detroit Tigers batting - Pitching for St. Louis Cardinals : RHP Robert Stephenson
Pitching: RHP Raisel Iglesias
Batting: RHB Dansby Swanson 0-0: Ball
1-0: SINGLE (Groundball, 6MD, EV 96.3 MPH)
Batting: RHB Nico Hoerner 0-0: Foul Ball, location: 7LMF
0-1: Ball
1-1: Sac Bunt to 2L - play at first, batter OUT! 2-3
Dansby Swanson to second
Batting: LHB Brandon Marsh 0-0: Ball
1-0: Called Strike
1-1: 2-RUN HOME RUN (Line Drive, 9D, EV 99.4 MPH), Distance : 361 ft
Batting: LHB Michael Harris II 0-0: Foul Ball, location: 7LDF
0-1: Foul Ball, location: 25F
0-2: Ball
1-2: SINGLE (Line Drive, 6M, EV 106.9 MPH)
Batting: LHB Josh Naylor 0-0: Ball
1-0: Called Strike
1-1: Ball
2-1: Ball
3-1: Grounds into double play, 4-6-3 (Groundball, 4, EV 90.0 MPH)
Bottom of the 7th over - 2 runs, 3 hits, 0 errors, 0 left on base; St. Louis 1 - Detroit 3
TOP OF THE 8TH
St. Louis Cardinals batting - Pitching for Detroit Tigers : RHP Jonathan Loaisiga
Batting: SHB Bryan Reynolds 0-0: Called Strike
0-1: SINGLE (Groundball, 56D, EV 95.0 MPH)
Pinch Hitting: SHB Jeimer Candelario 0-0: Called Strike
0-1: Ball
1-1: TRIPLE (Flyball, 78XD, EV 98.8 MPH)
Bryan Reynolds scores
Batting: RHB George Springer 0-0: Foul Ball, location: 7LSF
0-1: Foul Ball, location: 2F
0-2: Ball
1-2: Ground out U3 (Groundball, 34S, EV 65.6 MPH)
Pinch Hitting: LHB Alec Burleson 0-0: Ball
1-0: Ball
2-0: SINGLE (Groundball, 34D, EV 110.6 MPH)
Jeimer Candelario scores
Pitching: RHP Dylan Floro
Batting: LHB Max Kepler 0-0: Ball
1-0: Ball
2-0: Ball
3-0: Called Strike
3-1: Base on Balls
Alec Burleson to second
Batting: LHB Lars Nootbaar 0-0: Ball
1-0: Called Strike
1-1: Ball
2-1: Fielders Choice at 2nd, 4-6 (Groundball, 4S, EV 89.4 MPH)
Alec Burleson to third
Batting: RHB Jake Rogers 0-0: Ball
1-0: Fly out, F7 (Flyball, 7D, EV 106.9 MPH)
Top of the 8th over - 2 runs, 3 hits, 0 errors, 2 left on base; St. Louis 3 - Detroit 3
BOTTOM OF THE 8TH
Detroit Tigers batting - Pitching for St. Louis Cardinals : RHP Raisel Iglesias
Now at 3B: Jeimer Candelario
Now in LF: Trent Grisham
Now in RF: Bryan Reynolds
Batting: RHB Chas McCormick 0-0: Ball
1-0: Called Strike
1-1: Ball
2-1: Foul Ball, location: 2F
2-2: Ground out 3-1 (Groundball, 34, EV 96.9 MPH)
Batting: RHB Spencer Steer 0-0: DOUBLE (Line Drive, 78XD, EV 98.8 MPH)
Batting: RHB Josh Jung 0-0: Called Strike
0-1: Ball
1-1: SINGLE (Line Drive, 5L, EV 95.6 MPH)
Spencer Steer to third
Pitching: RHP Blake Treinen
Batting: RHB Gabriel Moreno 0-0: Called Strike
0-1: Ball
1-1: Ball
2-1: Swinging Strike
2-2: Strikes out swinging
Batting: RHB Dansby Swanson 0-0: Called Strike
0-1: Ball
1-1: Ball
2-1: Ball
3-1: Foul Ball, location: 7LSF
3-2: Foul Ball, location: 9LSF
3-2: Base on Balls
Josh Jung to second
Batting: RHB Nico Hoerner 0-0: Foul Ball, location: 2F
0-1: SINGLE (Groundball, 34S, EV 75.6 MPH) (infield hit)
Spencer Steer scores
Josh Jung to third
Dansby Swanson to second
Batting: LHB Brandon Marsh 0-0: Ball
1-0: Called Strike
1-1: Foul Ball, location: 7LMF
1-2: Foul Ball, location: 7LSF
1-2: Foul Ball, location: 7LDF
1-2: Strikes out looking
Bottom of the 8th over - 1 run, 3 hits, 0 errors, 3 left on base; St. Louis 3 - Detroit 4
TOP OF THE 9TH
St. Louis Cardinals batting - Pitching for Detroit Tigers : RHP Dylan Floro
Pitching: RHP Felix Bautista
Batting: SHB Ian Happ 0-0: Called Strike
0-1: Ball
1-1: Swinging Strike
1-2: Ball
2-2: Ball
3-2: Foul Ball, location: 3DF
3-2: Foul Ball, location: 9LSF
3-2: Fly out, F9 (Line Drive, 9S, EV 103.8 MPH)
Batting: RHB Amed Rosario 0-0: Called Strike
0-1: Swinging Strike
0-2: Strikes out swinging
Batting: SHB Bryan Reynolds 0-0: Foul Ball, location: 7LMF
0-1: Called Strike
0-2: Ball
1-2: Ball
2-2: Strikes out swinging
Top of the 9th over - 0 runs, 0 hits, 0 errors, 0 left on base; St. Louis 3 - Detroit 4
Friday, January 26th , 2024 - OOTP Baseball 24.11 Build 85